 Dungeon Sprint DCSS version 0.24.0-123-gd5b16e6ec5 (webtiles) character file.

Game seed: 18273114990007570573, levelgen mode: deterministic

7000000 McKennaii the Axe Maniac (level 27, -39/247 (249) HPs)
             Began as a Demonspawn Gladiator on Dec 17, 2019.
             Was the Champion of Makhleb.
             Annihilated by a destroyer
             ... wielding a +9 great sword of slicing
              (55 damage)
             ... in the Dungeon (Sprint VIII: "Arena of Blood").
             The game lasted 00:03:31 (70 turns).

McKennaii the Axe Maniac (Demonspawn Gladiator)       Turns: 70, Time: 00:03:31

HP:   -39/247 (249) AC: 16    Str: 16    XL:     27
MP:   30/54         EV: 37    Int: 10    God:    Makhleb [******]
Gold: 0             SH:  8    Dex: 26    Spells: 80/80 levels left

rFire    . . .     SeeInvis +   l - +∞ Axe of Woe
rCold    + . .     Gourm    .   (shield currently unavailable)
rNeg     . . .     Faith    .   b - +0 leather armour
rPois    .         Spirit   .   (helmet unavailable)
rElec    .         Reflect  .   (no cloak)
rCorr    .         Harm     .   (no gloves)
MR       ++...     NoTele   +   (no boots)
Stlth    ++++++++++             (no amulet)
HPRegen  0.00/turn              m - +200 ring of slaying
MPRegen  0.34/turn              (no ring)

@: non-regenerating, badly diseased
A: antennae 3, large bone plates 3, cold resistance 1, icemail, nightstalker 3,
augmentation 3, freezing cloud immunity
a: Minor Destruction, Lesser Servant of Makhleb, Major Destruction, Greater
Servant of Makhleb, Renounce Religion


You were in the Dungeon.
You worshipped Makhleb.
Makhleb was exalted by your worship.
You were not hungry.

You visited 1 branch

Inventory:

Hand Weapons
 a - a +0 war axe
 l - the +∞ Axe of Woe (weapon)
   (You found it in the Dungeon)
Missiles
 d - 3 throwing nets (quivered)
Armour
 b - a +0 leather armour (worn)
 c - a +0 helmet
Jewellery
 m - a +200 ring of slaying (left hand)
Scrolls
 k - a scroll of blinking
Potions
 e - a potion of curing
 g - a potion of heal wounds
 h - a potion of haste
 i - 2 potions of magic
 j - a potion of berserk rage
Comestibles
 f - a ration


   Skills:
 O Level 27 Fighting
 O Level 27 Axes
 O Level 27 Throwing
 O Level 27 Armour
 O Level 27 Dodging
 O Level 27 Stealth
 O Level 27 Unarmed Combat
 O Level 27 Spellcasting
 O Level 27 Invocations


You had 80 spell levels left.
You didn't know any spells.
Your spell library was empty.

Dungeon Overview and Level Annotations

Branches:
Dungeon (1/1)

Altars:
Makhleb


Innate Abilities, Weirdness & Mutations

You have a pair of large antennae on your head. (SInv)
You are completely covered in large bone plates. (SH +8)
Your flesh is cold resistant. (rC+)
A meltable icy envelope protects you from harm. (AC +10)
You are completely attuned to the shadows.
Your magical and physical power is greatly enhanced at high health.
You are immune to freezing clouds.


Message History

Unknown command.
Unknown command.
An orc and a greater mummy come into view.
The meat beast appears out of thin air!
A meat beast comes into view.
You hear a shout! x5
The destroyer blinks!
You hear a shout! x4
Your cacodemon barely misses the large abomination.
Your cacodemon hits the large abomination but does no damage.
You hear a shout! x4
Items here: )))) ==== †† Unknown command.
Okay, then.
m - a +200 ring of slaying (left hand)
You hear a shout! x4
The destroyer hits you with a +9 great sword of slicing!!!!!
Ouch! That really hurt!
* * * LOW HITPOINT WARNING * * *
You die...

## ####.. ####2....
##....2O.{..#
...V).X.L.{...
..o.@####.....##.#
{{....#)X))........{.
{{....)#)).{{§....#.#.
{{M....#....)§.{.......
{{###...#..{{°.........
{.....#..{..........
{.....)).........
......)..........
......)#)....{.#


You could see an accursed (wandering), a meat beast, a tyrant, a destroyer, 2
large abominations, a meat berserker (berserk), a bag of meat and a friendly
cacodemon.

Vanquished Creatures
  A hell beast (D)
  A greater mummy (D)
  5 vampire knights (D)
  10 ogres (D)
  4 two-headed ogres (D)
  2 hydras (D)
  29 orcs (D)
  3 skeletal warriors (D)
  4 large abominations (D)
  3 crawling corpses (D)
62 creatures vanquished.

Vanquished Creatures (others)
  2 crawling corpses (D)
2 creatures vanquished.

Grand Total: 64 creatures vanquished

Notes
Turn   | Place    | Note
-------+----------+-------------------------------------------
     0 | D        | Found the +∞ Axe of Woe
     0 | D        | McKennaii the Demonspawn Gladiator began the quest for the
                  | Orb.
     0 | D        | Reached XP level 1. HP: 16/16 MP: 1/1
     3 | D        | Became a worshipper of Makhleb the Destroyer
     6 | D        | Noticed a bag of meat
     9 | D        | Noticed a bag of meat
     9 | D        | Noticed a bag of meat
     9 | D        | Noticed a bag of meat
     9 | D        | Noticed a bag of meat
     9 | D        | Noticed a bag of meat
    10 | D        | Noticed a bag of meat
    10 | D        | Noticed a bag of meat
    10 | D        | Noticed a meat berserker
    10 | D        | Noticed a bag of meat
    10 | D        | Noticed a bag of meat
    10 | D        | Noticed a bag of meat
    11 | D        | Noticed a meat berserker
    11 | D        | Killed a bag of meat
    11 | D        | Reached skill level 10 in Fighting
    11 | D        | Gained mutation: You are slightly more attuned to the
                  | shadows. [demonic ancestry]
    11 | D        | Reached XP level 2. HP: 36/36 MP: 2/2
    11 | D        | Reached XP level 3. HP: 42/42 MP: 3/3
    11 | D        | Gained mutation: You have a pair of small antennae on your
                  | head. [demonic ancestry]
    11 | D        | Reached XP level 4. HP: 48/48 MP: 4/4
    11 | D        | Gained mutation: Your flesh is cold resistant. (rC+)
                  | [demonic ancestry]
    11 | D        | Reached XP level 5. HP: 54/54 MP: 5/5
    11 | D        | Gained mutation: You have a pair of antennae on your head.
                  | [demonic ancestry]
    11 | D        | Reached XP level 6. HP: 61/61 MP: 6/6
    11 | D        | Reached XP level 7. HP: 67/67 MP: 7/7
    11 | D        | Gained mutation: You are significantly more attuned to the
                  | shadows. [demonic ancestry]
    11 | D        | Reached XP level 8. HP: 73/73 MP: 8/8
    11 | D        | Reached XP level 9. HP: 79/79 MP: 9/9
    11 | D        | Gained mutation: You are partially covered in large bone
                  | plates. (SH +4) [demonic ancestry]
    11 | D        | Reached XP level 10. HP: 86/86 MP: 10/10
    11 | D        | Gained mutation: You are mostly covered in large bone
                  | plates. (SH +6) [demonic ancestry]
    11 | D        | Reached XP level 11. HP: 92/92 MP: 11/11
    13 | D        | Killed a bag of meat
    13 | D        | Reached * piety under Makhleb
    13 | D        | Reached skill level 10 in Throwing
    13 | D        | Reached XP level 12. HP: 102/102 MP: 12/12
    13 | D        | Killed a bag of meat
    13 | D        | Gained mutation: You are completely covered in large bone
                  | plates. (SH +8) [demonic ancestry]
    13 | D        | Reached XP level 13. HP: 109/109 MP: 13/13
    13 | D        | Killed a bag of meat
    13 | D        | Gained mutation: You are completely attuned to the shadows.
                  | [demonic ancestry]
    13 | D        | Reached XP level 14. HP: 119/119 MP: 14/14
    13 | D        | Killed a meat berserker
    13 | D        | Reached ** piety under Makhleb
    13 | D        | Reached skill level 15 in Fighting
    13 | D        | Gained mutation: You are immune to freezing clouds.
                  | [demonic ancestry]
    13 | D        | Reached XP level 15. HP: 129/129 MP: 15/15
    14 | D        | Killed a meat berserker
    14 | D        | Reached *** piety under Makhleb
    14 | D        | Reached skill level 27 in Axes
    14 | D        | Reached skill level 15 in Throwing
    14 | D        | Reached XP level 16. HP: 143/143 MP: 16/16
    15 | D        | Reached skill level 27 in Dodging
    16 | D        | Noticed a meat berserker
    16 | D        | Gained mutation: You have a pair of large antennae on your
                  | head. (SInv) [demonic ancestry]
    16 | D        | Reached XP level 17. HP: 161/161 MP: 17/17
    17 | D        | Reached **** piety under Makhleb
    17 | D        | Reached skill level 27 in Fighting
    19 | D        | Noticed a meat berserker
    20 | D        | Killed a meat berserker
    20 | D        | Gained mutation: Your magical and physical power is
                  | slightly enhanced at high health. [demonic ancestry]
    20 | D        | Reached XP level 18. HP: 182/182 MP: 18/18
    21 | D        | Noticed a large bag of meat
    22 | D        | Reached ***** piety under Makhleb
    22 | D        | Reached skill level 27 in Throwing
    24 | D        | Killed a large bag of meat
    24 | D        | Reached skill level 10 in Armour
    24 | D        | Reached skill level 10 in Unarmed Combat
    24 | D        | Reached skill level 10 in Spellcasting
    24 | D        | Reached XP level 19. HP: 189/189 MP: 18/33
    24 | D        | Killed a meat berserker
    25 | D        | Noticed a large bag of meat
    26 | D        | Noticed a meat berserker
    27 | D        | Reached skill level 15 in Stealth
    27 | D        | Noticed a large bag of meat
    28 | D        | Noticed an eight-headed meat hydra
    29 | D        | Killed a meat berserker
    29 | D        | Reached XP level 20. HP: 185/197 MP: 19/41
    29 | D        | Noticed a destroyer
    29 | D        | Noticed a meat berserker
    30 | D        | Noticed a large bag of meat
    30 | D        | Reached ****** piety under Makhleb
    31 | D        | Killed a destroyer
    31 | D        | Reached skill level 27 in Invocations
    31 | D        | Gained mutation: Your magical and physical power is
                  | enhanced at high health. [demonic ancestry]
    31 | D        | Reached XP level 21. HP: 204/204 MP: 19/45
    34 | D        | Killed a large bag of meat
    36 | D        | Reached XP level 22. HP: 212/212 MP: 20/51
    36 | D        | Reached skill level 27 in Stealth
    38 | D        | Reached skill level 27 in Armour
    38 | D        | Reached skill level 27 in Unarmed Combat
    38 | D        | Reached skill level 27 in Spellcasting
    40 | D        | Noticed a destroyer
    42 | D        | Killed a large bag of meat
    42 | D        | Reached XP level 23. HP: 219/219 MP: 22/54
    42 | D        | Noticed a destroyer
    44 | D        | Killed a destroyer
    44 | D        | Noticed a destroyer
    45 | D        | Killed a large bag of meat
    45 | D        | Gained mutation: Your magical and physical power is greatly
                  | enhanced at high health. [demonic ancestry]
    45 | D        | Reached XP level 24. HP: 227/227 MP: 23/54
    48 | D        | Killed a destroyer
    53 | D        | Noticed a destroyer
    55 | D        | Reached XP level 25. HP: 96/234 MP: 25/54
    58 | D        | Noticed an accursed
    58 | D        | Killed a destroyer
    60 | D        | Noticed a meat beast
    60 | D        | Killed a destroyer
    60 | D        | Noticed a destroyer
    62 | D        | Killed a meat beast
    62 | D        | Gained mutation: A meltable icy envelope protects you from
                  | harm. (AC +10) [demonic ancestry]
    62 | D        | Reached XP level 26. HP: 141/242 MP: 27/54
    66 | D        | Noticed a tyrant
    67 | D        | Reached XP level 27. HP: 249/249 MP: 29/54
    68 | D        | Killed an accursed
    69 | D        | Noticed an accursed
    70 | D        | Noticed a meat beast
    70 | D        | Annihilated by a destroyer

Levels and vault maps discovered:
D:        meatsprint

Skill      XL: |  1  2  3  4  5  6  7  8  9 10 11 12 13 14 15 16 17 18 19 20 21 22 |
---------------+-------------------------------------------------------------------+-----
Fighting       | 10 11 12 13 15 18 22 27 | 27.0
Axes           | 16 19 20 21 24 27 | 27.0
Throwing       | 9 10 11 12 13 15 18 26 27 | 27.0
Dodging        | 16 18 20 21 23 26 27 | 27.0
Armour         | 10 17 20 25 27 | 27.0
Stealth        | 11 18 22 26 27 | 27.0
Unarmed Combat | 10 17 20 25 27 | 27.0
Spellcasting   | 10 17 20 25 27 | 27.0
Invocations    | 14 22 27 | 27.0

Action                   |  1- 3 |  4- 6 |  7- 9 | 10-12 | 13-15 | 16-18 | 19-21 | 22-24 | 25-27 || total
-------------------------+-------+-------+-------+-------+-------+-------+-------+-------+-------++-------
Melee: Executioner's axe |     1 |       |       |     1 |     1 |     6 |     7 |    14 |     8 ||    38
Invok: Greater Servant o |       |       |       |       |       |       |       |     1 |     2 ||     3
       Major Destruction |       |       |       |       |       |       |       |       |     2 ||     2
Dodge: Dodged            |       |       |       |       |       |       |       |     1 |       ||     1
Block: Other             |       |       |       |       |       |       |       |       |     1 ||     1
